 Dungeon Crawl Stone Soup version 0.20-a0-537-g052e6ba (webtiles) character file.

1684 Kidiri the Thaumaturge (level 8, -12/43 HPs)
             Began as a Deep Elf Fire Elementalist on Jan 27, 2017.
             Was an Initiate of Vehumet.
             Mangled by a two-headed ogre
             ... wielding a +0 giant club
              (30 damage)
             ... on level 8 of the Dungeon.
             The game lasted 00:20:46 (7726 turns).

Kidiri the Thaumaturge (Deep Elf Fire Elementalist) Turns: 7726, Time: 00:20:47

Health: -12/43     AC:  5    Str:  5    XL:     8   Next: 71%
Magic:  18/22      EV: 14    Int: 23    God:    Vehumet [......]
Gold:   288        SH:  0    Dex: 15    Spells: 0/24 levels left

rFire    . . .     SeeInvis .   l - +2 dagger (drain)
rCold    + . .     Gourm    .   a - +1 robe
rNeg     . . .     Faith    .   (no shield)
rPois    .         Spirit   .   (no helmet)
rElec    .         Reflect  .   (no cloak)
rCorr    .         Harm     .   g - +0 pair of gloves
MR       .....                  i - +0 pair of boots {Stlth+}
Stlth    +++.......             (no amulet)
Regen    0.2/turn               u - ring of protection from cold
                                f - ring of flight

@: very slightly contaminated
A: no striking features
a: Renounce Religion, Evoke Flight


You were on level 8 of the Dungeon.
You worshipped Vehumet.
Vehumet was noncommittal.
You were very full.

You visited 2 branches of the dungeon, and saw 9 of its levels.

You collected 288 gold pieces.

Inventory:

Hand Weapons
 l - a +2 dagger of draining (weapon)
Armour
 a - a +1 robe (worn)
 b - a cursed +0 shield
 g - a +0 pair of gloves (worn)
 i - a +0 pair of boots of stealth (worn)
Jewellery
 f - a ring of flight (left hand)
 u - a ring of protection from cold (right hand)
Wands
 q - a wand of confusion (12/48)
Scrolls
 e - 3 scrolls of recharging
 j - 2 scrolls of teleportation
 o - a scroll of fog
 p - 2 scrolls of magic mapping
 y - a scroll of remove curse
Potions
 d - 3 potions of flight
 h - a potion of lignification
 k - 4 potions of curing
 m - 3 potions of agility {unknown}
 n - a potion of berserk rage
 s - a potion of might
 t - a potion of experience {unknown}
 x - a potion of haste {unknown}
 z - a potion of mutation {unknown}
 A - a potion of cure mutation {unknown}
Books
 v - the Handbook of Talismans and Evil Rites
   (You acquired it on level 5 of the Dungeon)

   Spells                             Type                      Level
   a - Infusion                       Charms                       1
   b - Shroud of Golubria             Charms/Translocation         2
   c - Regeneration                   Charms/Necromancy            3
   d - Animate Dead                   Necromancy                   4
   e - Excruciating Wounds            Charms/Necromancy            5
   f - Deflect Missiles               Charms/Air                   6
Comestibles
 c - 6 bread rations
 r - 2 meat rations


   Skills:
 + Level 1.6 Fighting
 + Level 2.6 Short Blades
 + Level 2.1 Armour
 + Level 4.1 Dodging
 - Level 2.4 Stealth
 + Level 1.3 Shields
 * Level 8.9 Spellcasting
 + Level 5.0 Conjurations
 + Level 5.8 Fire Magic
 + Level 0.0 Air Magic
 + Level 2.3 Evocations


You couldn't memorise any spells.
You knew the following spells:

 Your Spells              Type           Power        Failure   Level  Hunger
a - Flame Tongue          Conj/Fire      #####        1%          1    None
b - Throw Flame           Conj/Fire      #####.       1%          2    None
c - Conjure Flame         Conj/Fire      #####...     1%          3    None
d - Inner Flame           Hex/Fire       ###.....     8%          3    None
e - Sticky Flame          Conj/Fire      #####...     10%         4    ##.....
f - Fireball              Conj/Fire      #####.....   21%         5    ####...
g - Deflect Missiles      Chrm/Air       ##........   100%        6    ######.


Dungeon Overview and Level Annotations

Branches:
Dungeon (8/15)             Temple (1/1) D:6
   Lair: D:8-11

Altars:
Ashenzari
Dithmenos
Elyvilon
Fedhas
Gozag
Hepliaklqana
Kikubaaqudgha
Makhleb
Nemelex Xobeh
Okawaru
Qazlal
Ru
Sif Muna
Trog
Uskayaw
Vehumet
Xom
Yredelemnul
Zin
The Shining One

Shops:
D:4 (


Message History

You finish memorising.
Spell assigned to 'g'.
Unknown command.
t - a lumpy ruby potion A two-headed ogre comes into view.
It is wielding a giant club and a giant spiked club.
The helpless two-headed ogre fails to defend itself.
You puncture the two-headed ogre!
The two-headed ogre is moderately wounded.
The two-headed ogre hits you with a giant club!
The two-headed ogre hits you with a giant spiked club!
Casting: Sticky Flame
Confirm with . or Enter, or press ? or * to list all spells.
Aiming: Sticky Flame
Press: ? - help, Shift-Dir - straight line, f - two-headed ogre
Aim: a two-headed ogre, wielding a giant club and a giant spiked club (moderately wounded)
You miscast Sticky Flame.
You are very lightly contaminated with residual magic.
You smell something strange.
The two-headed ogre misses you.
The two-headed ogre hits you with a giant spiked club!!
Ouch! That really hurt!
You die...

### ########..### ###
####...........##
.....###.#.............#
#...O@#..............#
####..#..............#
##.#..............#
..#..............#
................##
.###.............# #
##........).(.#
#............#
##...........#


You could see a two-headed ogre.

Vanquished Creatures
  A two-headed ogre (D:8)
  The ghost of Graouh the Cudgeler, an amateur MiFi (D:3)
  A crocodile (D:7)
  A big kobold (D:7)
  A bullfrog zombie (D:4)
  3 hounds
  2 orc priests (D:5)
  A quasit (D:5)
  2 orc wizards
  A centaur skeleton (D:4)
  3 iguanas
  A worker ant (D:7)
  A hound zombie (D:8)
  2 hound skeletons
  A howler monkey zombie (D:6)
  4 gnolls (D:5)
  A howler monkey skeleton (D:6)
  8 adders
  A shadow imp (D:7)
  An ooze (D:4)
  An adder skeleton (D:7)
  2 worms
  3 dart slugs
  4 leopard geckos
  10 orcs
  7 bats
  5 giant cockroaches
  10 goblins
  18 hobgoblins
  9 jackals
  15 kobolds
  2 quokkas
  2 ball pythons
  4 frilled lizards
  2 jackal skeletons
  2 leopard gecko skeletons (D:4)
  6 rats
139 creatures vanquished.

Notes
Turn   | Place    | Note
-------+----------+-------------------------------------------
     0 | D:1      | Kidiri the Deep Elf Fire Elementalist began the quest for the Orb.
     0 | D:1      | Reached XP level 1. HP: 10/10 MP: 6/6
   320 | D:1      | Reached XP level 2. HP: 14/15 MP: 5/8
   354 | D:1      | Learned a level 2 spell: Throw Flame
   498 | D:1      | Reached skill level 4 in Spellcasting
  1058 | D:1      | Reached XP level 3. HP: 19/19 MP: 7/10
  1063 | D:1      | Learned a level 3 spell: Conjure Flame
  1067 | D:1      | Learned a level 3 spell: Inner Flame
  1754 | D:2      | Reached XP level 4. HP: 24/24 MP: 9/12
  2195 | D:2      | Reached skill level 5 in Spellcasting
  2204 | D:2      | Learned a level 4 spell: Sticky Flame
  2364 | D:3      | Noticed Graouh's ghost (amateur MiFi)
  3045 | D:3      | Found a blossoming altar of Fedhas.
  3319 | D:3      | Found a shimmering altar of Xom.
  3356 | D:3      | Reached XP level 5. HP: 28/28 MP: 11/14
  3402 | D:3      | Killed Graouh's ghost
  3402 | D:3      | Reached skill level 6 in Spellcasting
  3402 | D:3      | Reached XP level 6. HP: 32/32 MP: 0/17
  3409 | D:3      | Learned a level 5 spell: Fireball
  3551 | D:3      | Noticed an angel
  3552 | D:3      | Found a glowing silver altar of Zin.
  3983 | D:4      | Reached skill level 7 in Spellcasting
  4519 | D:4      | Found Yxyr's Antique Weapon Shoppe.
  4726 | D:5      | Entered Level 5 of the Dungeon
  4815 | D:5      | Reached skill level 1 in Short Blades
  4815 | D:5      | Reached XP level 7. HP: 36/36 MP: 14/19
  4820 | D:5      | Reached skill level 5 in Fire Magic
  4991 | D:5      | Found a stormy altar of Qazlal.
  5115 | D:5      | Identified 3 scrolls of acquirement
  5115 | D:5      | Identified the Handbook of Talismans and Evil Rites (You acquired it on level 5 of the Dungeon)
  5502 | D:6      | Found a sparkling altar of Nemelex Xobeh.
  6023 | D:6      | Found a staircase to the Ecumenical Temple.
  6278 | D:6      | Reached skill level 1 in Armour
  6460 | D:7      | Found a glowing golden altar of the Shining One.
  6461 | D:7      | Found a burning altar of Makhleb.
  6461 | D:7      | Found a hazy altar of Hepliaklqana.
  6461 | D:7      | Found a bloodstained altar of Trog.
  6467 | D:7      | Found an ancient bone altar of Kikubaaqudgha.
  6470 | D:7      | Found a sacrificial altar of Ru.
  6632 | D:7      | Reached skill level 8 in Spellcasting
  6632 | D:7      | Reached skill level 1 in Evocations
  6728 | D:7      | Reached XP level 8. HP: 42/42 MP: 15/22
  7270 | Temple   | Entered the Ecumenical Temple
  7439 | Temple   | Became a worshipper of Vehumet
  7536 | D:8      | Noticed a two-headed ogre
  7544 | D:8      | Killed a two-headed ogre
  7544 | D:8      | Reached skill level 1 in Fighting
  7544 | D:8      | Reached skill level 1 in Shields
  7544 | D:8      | Reached skill level 5 in Conjurations
  7713 | D:8      | Learned a level 6 spell: Deflect Missiles
  7723 | D:8      | Noticed a two-headed ogre
  7726 | D:8      | Mangled by a two-headed ogre

Vault maps used:
D:1:      evilmike_arrival_rings, hangedman_abyss_or_decor_lesser_grid
D:2:      grunt_ministairs_1, serial_bayou_crossing
D:3:      zin_angel, chequers_temple_overflow_statue_of_worship, first_bread,
          minivault_23
D:4:      serial_shops, kennysheep_mini_moat
D:5:      grunt_qazlal_sundering
D:6:      nemelex_xobeh_ov_fountains_minmay, minmay_temple_entry_from_below_a,
          minmay_misc_feat_square, serial_park_tiny_2
D:7:      minmay_overflow_temple_hex
Temple:   grunt_temple_mini_profane

Skill      XL: |  1  2  3  4  5  6  7  8 |
---------------+-------------------------+-----
Conjurations   | 2 3 4 5 |  5.0
Spellcasting   | 4 5 6 7 8 |  8.9
Fire Magic     | 4 5 |  5.8
Short Blades   | 1 2 |  2.6
Dodging        | 3 4 |  4.1
Armour         | 1 2 |  2.1
Evocations     | 1 2 |  2.3
Fighting       | 1 |  1.6
Shields        | 1 |  1.3
Stealth        | |  2.4

Action                   |  1- 3 |  4- 6 |  7- 9 || total
-------------------------+-------+-------+-------++-------
Melee: Unarmed           |     6 |       |       ||     6
       Dagger            |    21 |   148 |   151 ||   320
 Cast: Flame Tongue      |    58 |    64 |    32 ||   154
       Throw Flame       |     4 |    11 |    12 ||    27
       Conjure Flame     |       |     3 |       ||     3
       Inner Flame       |       |     2 |       ||     2
       Sticky Flame      |       |     1 |     9 ||    10
       Fireball          |       |       |     1 ||     1
Evoke: Wand              |       |     5 |     6 ||    11
  Use: Scroll            |     4 |     7 |    10 ||    21
       Potion            |       |     1 |       ||     1
 Stab: Sleeping          |     2 |     5 |     9 ||    16
       Confused          |       |     8 |       ||     8
       Distracted        |       |       |     1 ||     1
  Eat: Chunk             |     2 |     6 |     4 ||    12
       Royal jelly       |       |     2 |     3 ||     5
       Meat ration       |       |     1 |       ||     1
       Fruit             |       |       |     4 ||     4
Armor: Robe              |     9 |    42 |    40 ||    91
Dodge: Dodged            |    47 |    95 |   109 ||   251
